 Dungeon Crawl Stone Soup version 0.18.1-48-g4cf74bf (webtiles) character file.

42 rlgrobin the Insei (level 3, 0/29 HPs)
             Began as a Mummy Monk on Aug 30, 2016.
             Slain by an adder (1 damage)
             ... on level 2 of the Dungeon on Sept 2, 2016.
             The game lasted 00:03:49 (1727 turns).

rlgrobin the Insei (Mummy Monk)                     Turns: 1727, Time: 00:03:50

Health: 0/29       AC:  1    Str: 12    XL:     3   Next: 35%
Magic:  12/12      EV: 13    Int:  9    God:
Gold:   50         SH:  0    Dex: 15    Spells: 0 memorised, 2 levels left

rFire  x . .     SeeInvis .       - Unarmed
rCold  + . .     Gourm    .     (no armour)
rNeg   + + +     Faith    .     (no shield)
rPois  ∞         Spirit   .     (no helmet)
rElec  .         Dismiss  .     a - +0 cloak (curse) {Blessed}
rCorr  .         Reflect  .     (no gloves)
SustAt .         Harm     .     (no boots)
MR     .....                    (no amulet)
Stlth  ++........               c - -2 ring of strength (curse)
                                b - ring of magical power

@: not resistant to hostile enchantments, unstealthy
A: no food or potions, fire vulnerability, cold resistance 1, negative energy
resistance 3, torment resistance, unbreathing
a: no special abilities


You were on level 2 of the Dungeon.
You were not hungry.

You visited 1 branch of the dungeon, and saw 2 of its levels.

You collected 50 gold pieces.


Innate Abilities, Weirdness & Mutations

You do not eat or drink.
Your flesh is vulnerable to fire.
You are immune to poison.
Your flesh is cold resistant.
You are immune to negative energy.
You are immune to unholy pain and torment.
You can survive without breathing.


   Skills:
 - Level 3.0 Fighting
 - Level 2.4 Dodging
 - Level 1.5 Stealth
 + Level 4.3 Unarmed Combat


You had 2 spell levels left.
You didn't know any spells.

Inventory:

Armour
 a - a cursed +0 cloak (worn) {Blessed}
 d - a cursed -1 buckler
Jewellery
 b - a ring of magical power (left hand)
 c - a cursed -2 ring of strength (right hand)
 e - an uncursed amulet of harm {unknown}
Scrolls
 f - a scroll of immolation {unknown}

Dungeon Overview and Level Annotations

Branches:
Dungeon (2/15)

Altars:
Qazlal

Annotations:
D:1 exclusion: 2 downstairs
D:2 Ijyb

.......%..▒.......
.................£
▒▒▒▒▒....▒▒....▒▒▒ .
▒▒.....▒...▒▒▒.. ▒..▒...........▒
▒▒▒▒▒▒▒▒▒....!...<......
▒.......▒▒.(▒.................▒
▒..........▒▒▒▒b..............▒▒▒
▒.......▒▒▒▒▒▒..M.............▒..
▒.......▒ ▒...S................
▒.......▒▒▒▒▒...................▒
▒▒▒▒▒▒▒.....▒..........(.......▒▒
▒▒........................▒
▒..........................
▒..........................
▒..........................
▒▒................!.......▒


You could see an adder and a bat.


Message History

You miss the adder!
The adder is moderately wounded!
The bat closely misses you! The adder bites you! * * * don't die
* * * The bat barely misses you!
You barely miss the adder! Your punch misses the adder!
The adder is moderately wounded!
The bat closely misses you! The adder bites you! * * * don't die
* * * The adder barely misses you!
You closely miss the adder!
The adder is moderately wounded!
The adder bites you! * * * don't die
* * * You closely miss the adder!
The adder is moderately wounded!
The bat barely misses you! The adder completely misses you!
You miss the adder!
The adder is moderately wounded!
The bat hits you! * * * don't die
* * * The adder closely misses you!
You miss the adder! Your punch misses the adder!
The adder is moderately wounded!
The bat hits you but does no damage! The adder bites you! * * * don't die
* * * You miss the adder!
The adder is moderately wounded!
The bat closely misses you! The adder bites you! rip

Action                   || total
-------------------------++-------
Melee: Unarmed           ||   136
  Use: Scroll            ||     1
 Stab: Sleeping          ||     1
Armor: Skin              ||    10
Dodge: Dodged            ||    89

Vault maps used:
D:1:      dpeg_arrival_refuge
D:2:      nicolae_qazlal_style_of_elements, uniq_jessica, uniq_iyjb,
          uniq_crazy_yiuf_cottage

Notes
Turn   | Place    | Note
--------------------------------------------------------------
     0 | D:1      | rlgrobin the Mummy Monk began the quest for the Orb.
     0 | D:1      | Reached XP level 1. HP: 18/18 MP: 1/1
   414 | D:1      | Reached XP level 2. HP: 23/24 MP: 2/2
   768 | D:1      | Reached skill level 4 in Unarmed Combat
   991 | D:1      | Reached XP level 3. HP: 28/29 MP: 3/3
  1452 | D:2      | Found a stormy altar of Qazlal.
  1452 | D:2      | Noticed a fire elemental
  1467 | D:2      | Noticed a water elemental
  1472 | D:2      | Noticed Ijyb
  1726 | D:2      | HP: 1/29 [adder (4)]
  1727 | D:2      | Slain by an adder

Vanquished Creatures
  A dart slug (D:1)
  2 giant geckos (D:1)
  4 bats (D:1)
  3 giant cockroaches (D:1)
  4 goblins
  3 hobgoblins
  4 jackals (D:1)
  3 giant newts (D:1)
  7 kobolds (D:1)
  4 rats
35 creatures vanquished.
